cohdb
Replays
Latest Replays
All Replays
Popular Replays
Top Player Replays
Match Explorer
How It Works
Community
CoH3 Stats
Reddit
Sign in to upload your games and track your stats! →
Sign in with Steam
Match 46788220
Unlisted
Match 46788220
Overview
Messages
Build Orders
End
Engineer Squad
Construct Weapon Support Center
Selects Heavy Weapons
M1919 Machine Gun Team
M1919 Machine Gun Team
M1919 Machine Gun Team
Selects Assault Carriers
Infantry Support Center
M3 Assault Carrier
M3 Assault Carrier
Selects Exchangeable Parts
M3 Assault Carrier
M3 Assault Carrier
M3 Assault Carrier
M3 Assault Carrier
M3 Assault Carrier
Selects Towed M5 3-inch Anti-tank Gun
Selects M2HB .50cal Heavy Machine Gun
Towed M5 3-inch Anti-tank Gun
M3 Assault Carrier
Towed M5 3-inch Anti-tank Gun
Selects Rapid Reposition
Selects Bolstered Team Weapons
lemerman9
gabman6
CoH3Master
fnvkdxod
DOLPHSTALLONE
LEOPARD1492
Father of Frogs
Wild_Willy
0
0
Comments
sign in to comment!
No comments posted yet!